 Dungeon Crawl Stone Soup version 0.24-a0-123-ga2403f3307 (webtiles) character file.

Game seed: 16284751019831977993

14812 sirmuna the Nimble (level 12, -6/92 HPs)
             Began as an Octopode Chaos Knight on Feb 20, 2019.
             Was an Elder of Nemelex Xobeh.
             Mangled by a freezing wraith (11 damage)
             ... in an ice cave.
             The game lasted 00:30:21 (16320 turns).

sirmuna the Nimble (Octopode Chaos Knight)         Turns: 16320, Time: 00:30:22

Health: -6/92      AC:  7    Str: 12    XL:     12   Next: 20%
Magic:  15/17      EV: 21    Int: 16    God:    Nemelex Xobeh [****..]
Gold:   459        SH:  0    Dex: 16    Spells: 11/11 levels left

rFire    . . .     SeeInvis .   I - +1 war axe (elec)
rCold    + . .     Gourm    .   (no shield)
rNeg     + . .     Faith    .   u - +2 hat
rPois    .         Spirit   .   (no amulet)
rElec    .         Reflect  .   y - ring of protection from cold
rCorr    .         Harm     .   B - ring of positive energy
MR       .....                  (no ring)
Stlth    +++.......             F - +4 ring of protection
HPRegen  0.25/turn              (no ring)
MPRegen  0.15/turn              (no ring)
                                (no ring)
                                (no ring)

@: no status effects
A: almost no armour, stealthy swim, amphibious, 8 rings, constrict 8, tentacle
spike 1, camouflage 1, blink, clever 1, sense surroundings 1, robust 1, wild
magic 1, gelatinous body 1
a: Blink, Draw Escape, Draw Destruction, Draw Summoning, Triple Draw, Deal Four,
Renounce Religion


You were in an ice cave.
You worshipped Nemelex Xobeh.
Nemelex Xobeh was greatly pleased with you.
You were not hungry.

You visited 2 branches of the dungeon, and saw 12 of its levels.
You also visited: Ice Cave.

You collected 695 gold pieces.
You spent 236 gold pieces at shops.

Inventory:

Hand Weapons
 n - the +1 hunting sling of the Okapi {chaos, rElec rN+ Int+3}
   (Xom gifted it to you on level 2 of the Dungeon)

   Each projectile launched from it has a different, random effect.
   It affects your intelligence (+3).
   It insulates you from electricity.
   It protects you from negative energy.
 p - a +5 trident
 I - a +1 war axe of electrocution (weapon)
 K - a +1 scimitar of flaming
 M - a +0 blowgun
Missiles
 f - 539 stones (quivered)
 L - 2 throwing nets {!f}
Armour
 u - a +2 hat (worn)
Jewellery
 y - a ring of protection from cold (left tentacle)
 B - a ring of positive energy (right tentacle)
 F - a +4 ring of protection (on tentacle)
Wands
 o - a wand of iceblast (9)
 w - a wand of polymorph (21)
 P - a wand of scattershot (1)
 Q - a wand of flame (17)
Scrolls
 a - a scroll of blinking {unknown}
 e - a scroll of random uselessness {unknown}
 j - a scroll of teleportation {@r3}
 k - 2 scrolls of enchant armour
 t - 2 scrolls of fog {unknown}
 v - a scroll of fear
 A - 3 scrolls of enchant weapon
 C - 2 scrolls of amnesia
 E - 2 scrolls of immolation
 G - a scroll of noise
 O - a scroll of magic mapping
 R - a scroll of remove curse {@r2}
 S - a scroll of holy word {unknown}
Potions
 c - 4 potions of curing {@q1}
 d - a potion of heal wounds
 h - a potion of flight
 i - a potion of ambrosia
 l - a potion of berserk rage
 q - 4 potions of haste
 s - a potion of agility {unknown}
 x - a potion of brilliance {unknown}
 D - 2 potions of lignification {unknown}
 H - a potion of magic {unknown}
 J - a potion of might {unknown}
 N - a potion of mutation
Comestibles
 b - 25 rations


   Skills:
 + Level 8.7 Fighting
 - Level 5.0 Long Blades
 * Level 7.0(8.8) Axes
 - Level 8.2(9.4) Polearms
 * Level 11.1 Dodging
 - Level 3.0 Stealth
 + Level 7.8 Invocations
 - Level 2.3 Evocations


You had 11 spell levels left.
You didn't know any spells.
Your spell library was empty.

Dungeon Overview and Level Annotations

Branches:
Dungeon (11/15)            Temple (0/1) D:4            Lair (1/6) D:9
    Orc: D:9-12

Altars:
Nemelex Xobeh
Uskayaw
Xom
Zin

Shops:
D:10 }*

Annotations:
D:4 3 runed translucent doors, hemabe's ghost, amateur HuAr
Lair:1 3 runed translucent doors, exclusion: hydra


Innate Abilities, Weirdness & Mutations

You cannot wear most types of armour.
You are very stealthy in the water. (Stealth+)
You are amphibious.
You can wear up to eight rings at the same time.
You can use your tentacles to constrict eight enemies at once.
Your skin changes colour to match your surroundings (Stealth+).
Your rubbery body absorbs attacks. (AC +1, EV +1)
One of your tentacles bears a spike.
You can translocate small distances at will.
Your mind is acute. (Int +2)
You passively map a small area around you.
You are robust. (+10% HP)
Your spells are a little harder to cast, but a little more powerful.


Message History

The freezing wraith hits you but does no damage.
The freezing wraith hits you!
* * * LOW HITPOINT WARNING * * *
The freezing wraith freezes you! You resist.
* * * LOW HITPOINT WARNING * * *
The freezing wraith closely misses you.
Okay, then.
Okay, then.
Okay, then.
You draw... (choose one card, ? for their descriptions) a - Velocity
b - the Elixir
c - the Shaft Huh?
You have drawn Velocity.
The freezing wraith seems to slow down.
You can no longer stack cards.
You feel yourself speed up. The freezing wraith hits you!
You die...
Your body glows slightly and disappears.

#..........#.
#.......##...
##.....####..
#......#*###
##....## ###
#...##≈≈
##.## ##..##
#...## #..##
≈
#..@.####..#
**
#.W#...#...#
, ,
#..##.....##
##.###...##
,, #..######
, ##..#* *
...# * #...#
, * *#...# *
*


You could see a freezing wraith.

Vanquished Creatures
  A hydra (Lair:1)
  Erica (D:9)
  A two-headed ogre (D:9)
  A cyclops (D:11)
  3 centaur skeletons
  A gargoyle (D:11)
  A komodo dragon (Lair:1)
  A freezing wraith (IceCv)
  2 trolls
  A merfolk (D:9)
  A hornet (D:10)
  2 hippogriffs
  A redback (D:10)
  9 yaks
  A hungry ghost (D:9)
  A steam dragon (D:11)
  A death yak simulacrum (IceCv)
  A porcupine (D:9)
  An alligator simulacrum (IceCv)
  An orc warrior (D:9)
  An eye of draining (D:9)
  7 ice beasts
  A black bear (D:9)
  2 phantoms
  3 centaurs
  5 ogres
  2 crocodiles
  3 big kobolds
  5 bullfrogs
  A water moccasin skeleton (D:9)
  7 scorpions
  An elephant simulacrum (IceCv)
  9 killer bees
  2 howler monkeys
  3 wights (D:6)
  2 crimson imps
  A centaur zombie (D:10)
  2 quasits
  8 hounds
  3 jellies
  6 orc priests
  4 bullfrog skeletons
  6 orc wizards
  8 iguanas
  Natasha (thrice) (D:2)
  7 worker ants
  A wolf simulacrum (IceCv)
  A killer bee zombie (D:6)
  A hound zombie (D:11)
  3 hound skeletons
  2 worker ant zombies (D:8)
  Robin (D:3)
  12 adders
  6 shadow imps
  5 white imps (IceCv)
  2 oozes
  2 adder skeletons
  6 worms
  3 dart slugs (D:3)
  7 leopard geckos
  31 orcs
  19 giant cockroaches
  17 goblins
  12 hobgoblins
  13 jackals
  9 quokkas
  3 ball pythons (D:2)
  7 bats
  7 frilled lizards
  A jackal skeleton (D:4)
  21 kobolds
  10 rats
336 creatures vanquished.

Vanquished Creatures (collateral kills)
  A two-headed ogre (D:8)
  3 spiny frogs (Lair:1)
  8 yaks
  A water moccasin (Lair:1)
  2 porcupines (Lair:1)
  A phantom (D:10)
  An ice beast (D:11)
  A sky beast (D:5)
  6 wolves (Lair:1)
  A crocodile (D:10)
  3 bullfrogs (Lair:1)
  A howler monkey (D:4)
  An iguana (D:10)
  A shadow imp (D:11)
  A leopard gecko (D:10)
  2 giant cockroaches
  A quokka (D:8)
35 creatures vanquished.

Vanquished Creatures (others)
  A two-headed ogre (D:8)
  A centaur (D:8)
  15 fungi (D:9)
  17 plants (D:9)
34 creatures vanquished.

Grand Total: 405 creatures vanquished

Notes
Turn   | Place    | Note
-------+----------+-------------------------------------------
     0 | D:1      | sirmuna the Octopode Chaos Knight began the quest for the
                  | Orb.
     0 | D:1      | Reached XP level 1. HP: 16/16 MP: 1/1
     3 | D:1      | XOM: 1-stop teleportation journey
    57 | D:1      | Reached skill level 1 in Stealth
   190 | D:1      | XOM: harmless Chrm miscast
   262 | D:1      | Reached XP level 2. HP: 21/21 MP: 2/2
   532 | D:1      | Reached XP level 3. HP: 26/26 MP: 3/3
  1067 | D:2      | XOM: noise
  1084 | D:2      | Reached XP level 4. HP: 15/31 MP: 4/4
  1120 | D:2      | XOM: 3-stop teleportation journey
  1233 | D:2      | XOM: harmless Conj miscast
  1468 | D:2      | XOM: mild Chrm miscast
  1477 | D:2      | XOM: mild Fire miscast
  1555 | D:2      | Reached skill level 3 in Dodging
  1708 | D:2      | XOM: smoke on damage
  1710 | D:2      | Reached XP level 5. HP: 31/36 MP: 5/5
  1954 | D:2      | XOM: mild Necr miscast
  2112 | D:3      | Noticed Natasha
  2121 | D:2      | Killed Natasha
  2226 | D:2      | XOM: god gift: faintly glowing hunting sling {god gift}
  2227 | D:2      | Got a faintly glowing hunting sling {god gift}
  2340 | D:2      | Noticed Natasha
  2344 | D:2      | Killed Natasha
  2345 | D:2      | Identified the +1 hunting sling of the Okapi {chaos, rElec
                  | rN+ Int+3} (Xom gifted it to you on level 2 of the Dungeon)
  2424 | D:2      | XOM: god gift: thin smoking staff {god gift}
  2451 | D:2      | Noticed Natasha
  2457 | D:2      | Killed Natasha
  2605 | D:2      | XOM: give mutations
  2605 | D:2      | Gained mutation: You passively map a small area around you.
                  | [Xom's grace]
  2605 | D:2      | Gained mutation: You are robust. (+10% HP) [Xom's grace]
  2706 | D:2      | XOM: give mutations
  2706 | D:2      | Gained mutation: Your spells are a little harder to cast,
                  | but a little more powerful. [Xom's grace]
  2706 | D:2      | Gained mutation: One of your tentacles bears a spike.
                  | [Xom's grace]
  2706 | D:2      | Gained mutation: You can translocate small distances at
                  | will. [Xom's grace]
  2706 | D:2      | Gained mutation: Your mind is acute. (Int +2) [Xom's grace]
  2797 | D:3      | Reached XP level 6. HP: 42/47 MP: 6/6
  2832 | D:3      | Noticed Robin
  2839 | D:3      | You fall through a shaft!
  2847 | D:4      | Reached skill level 5 in Long Blades
  3117 | D:4      | Found a sparkling altar of Nemelex Xobeh.
  3122 | D:4      | Fell from the grace of Xom
  3122 | D:4      | Became a worshipper of Nemelex Xobeh the Trickster
  3182 | D:4      | Found a staircase to the Ecumenical Temple.
  3191 | D:5      | Entered Level 5 of the Dungeon
  3280 | D:5      | Received a gift from Nemelex Xobeh
  3328 | D:5      | Reached skill level 1 in Polearms
  3484 | D:5      | Noticed a sky beast
  3504 | D:5      | Killed a sky beast
  3504 | D:5      | Reached skill level 4 in Dodging
  3504 | D:5      | Reached XP level 7. HP: 35/53 MP: 7/7
  3654 | D:4      | XOM: medium Tmut miscast
  3847 | D:4      | XOM: summons 1 hostile demon
  3848 | D:4      | Noticed a chaos spawn
  3954 | D:4      | Found a runed translucent gate.
  3954 | D:4      | Found a runed translucent gate.
  3954 | D:4      | Found a runed translucent gate.
  4089 | D:4      | Noticed hemabe's ghost (amateur HuAr)
  4540 | D:4      | XOM: torment (27/53 hp)
  4642 | D:4      | XOM: mild Erth miscast
  4768 | D:4      | XOM: summons 3 hostile shadow creatures
  5025 | D:4      | XOM: noise
  5027 | D:4      | Reached skill level 1 in Invocations
  5029 | D:4      | Reached skill level 5 in Fighting
  5186 | D:4      | Reached XP level 8. HP: 52/60 MP: 9/9
  5263 | D:4      | Reached skill level 5 in Dodging
  5551 | D:3      | Reached * piety under Nemelex Xobeh
  6064 | D:3      | Killed Robin
  6152 | D:3      | XOM: god gift: club {god gift}
  6287 | D:3      | XOM: summons 2 hostile shadow creatures
  6569 | D:5      | XOM: stat loss: -1 Str (10/11)
  6626 | D:5      | Found a glowing silver altar of Zin.
  6699 | D:5      | XOM: severe Necr miscast
  6739 | D:5      | XOM: severe Fire miscast
  6957 | D:5      | XOM: mild Air miscast
  7776 | D:6      | XOM: medium Erth miscast
  7968 | D:6      | Reached skill level 5 in Polearms
  7968 | D:6      | Reached skill level 6 in Dodging
  8488 | D:6      | Reached XP level 9. HP: 68/68 MP: 11/11
  8759 | D:6      | Received a gift from Nemelex Xobeh
  9011 | D:6      | XOM: scenery: 2 doors close
  9050 | D:6      | XOM: medium Chrm miscast
  9362 | D:7      | Reached ** piety under Nemelex Xobeh
  9492 | D:7      | Received a gift from Nemelex Xobeh
  9625 | D:7      | Reached skill level 7 in Dodging
  9681 | D:7      | Found a hide-covered altar of Uskayaw.
  9732 | D:7      | XOM: god gift: scroll labeled KEISSU HUMYM {god gift}
 10090 | D:8      | Received a gift from Nemelex Xobeh
 10212 | D:8      | Reached skill level 1 in Evocations
 10292 | D:8      | Received a gift from Nemelex Xobeh
 10315 | D:8      | Reached *** piety under Nemelex Xobeh
 10320 | D:8      | Noticed a two-headed ogre
 10334 | D:8      | Killed a two-headed ogre
 10459 | D:8      | XOM: scenery: create altars
 10506 | D:8      | Noticed a two-headed ogre
 10513 | D:8      | Reached XP level 10. HP: 75/75 MP: 13/13
 10522 | D:8      | Killed a two-headed ogre
 10522 | D:8      | Reached skill level 8 in Dodging
 10977 | D:9      | Noticed a two-headed ogre
 10982 | D:9      | Killed a two-headed ogre
 10982 | D:9      | Reached skill level 5 in Invocations
 11180 | D:9      | XOM: medium Necr miscast
 11195 | D:9      | XOM: polymorph wyvern -> porcupine
 11195 | D:9      | Was forgiven by Xom
 11670 | D:9      | Received a gift from Nemelex Xobeh
 11685 | D:9      | Reached skill level 1 in Axes
 11768 | D:9      | Noticed Erica
 11776 | D:9      | Killed Erica
 11776 | D:9      | Reached skill level 9 in Dodging
 11890 | D:9      | Found a staircase to the Lair.
 11994 | D:9      | Reached XP level 11. HP: 19/82 MP: 15/15
 12277 | D:9      | You fall through a shaft!
 12277 | D:10     | Entered Level 10 of the Dungeon
 12290 | D:10     | Noticed a two-headed ogre
 12644 | D:9      | Received a gift from Nemelex Xobeh
 12974 | D:10     | Found Lauwof's Changing Room.
 13031 | D:10     | Bought a potion of mutation for 128 gold pieces
 13286 | D:10     | Reached **** piety under Nemelex Xobeh
 13286 | D:10     | Received a gift from Nemelex Xobeh
 13315 | D:10     | Noticed Nergalle
 13577 | D:10     | Noticed Nergalle
 13577 | D:10     | Nergalle changed into Nergalle the redback
 13581 | D:10     | Killed Nergalle the redback
 13581 | D:10     | Reached skill level 10 in Dodging
 13923 | D:10     | Found Oviubb's Gadget Shop.
 13926 | D:10     | Bought a wand of iceblast (5) for 108 gold pieces
 14193 | D:11     | Received a gift from Nemelex Xobeh
 14455 | D:11     | Reached skill level 5 in Axes
 15282 | D:11     | Noticed a cyclops
 15288 | D:11     | Killed a cyclops
 15571 | Lair:1   | Entered Level 1 of the Lair of Beasts
 15571 | Lair:1   | Received a gift from Nemelex Xobeh
 15590 | Lair:1   | Noticed a seven-headed hydra
 15594 | Lair:1   | Found a runed translucent gate.
 15594 | Lair:1   | Found a runed translucent gate.
 15594 | Lair:1   | Found a runed translucent gate.
 15613 | Lair:1   | Killed a seven-headed hydra
 15624 | Lair:1   | Reached XP level 12. HP: 23/92 MP: 17/17
 15664 | Lair:1   | Reached skill level 11 in Dodging
 15707 | Lair:1   | Reached ***** piety under Nemelex Xobeh
 15710 | Lair:1   | Found a frozen archway.
 15714 | Lair:1   | Received a gift from Nemelex Xobeh
 15719 | IceCv    | Entered an ice cave
 16318 | IceCv    | HP: 4/92 [freezing wraith (8)]
 16320 | IceCv    | Mangled by a freezing wraith

Levels and vault maps discovered:
D:1:      saegor_arrival_under_anarchy, layout_basic
D:2:      layout_loops_ring
D:3:      minmay_roachtagon, layout_rooms, first_ration, uniq_natasha,
          uniq_robin
D:4:      layout_loops_corners, minmay_temple_entry_proselytizer,
          gammafunk_ghost_icy, corexii_corridor_pit, nemelex_spade_bored_becter
D:5:      layout_basic, lemuel_coloured_pillars_altar, kennysheep_generic_room_8
D:6:      layout_gridville, minmay_lizard_king
D:7:      layout_basic, basic_altar
D:8:      layout_cave_pools
D:9:      layout_basic, grunt_lair_entry_orc_guard_hut, hangedman_fish_farm,
          uniq_erica
D:10:     layout_long_grid, serial_shops, kennysheep_mini_moat, st_stairs_8,
          nicolae_transmutations_shop, kennysheep_kite_vault, uniq_nergalle
D:11:     layout_roguey, minivault_1, kennysheep_generic_room_5
Lair:1:   layout_regular_city, gammafunk_ghost_icy,
          portal_ice_cave_entry_pillars_2, st_stairs_9, serial_bayou_shore_b,
          grunt_megastairs_2, infiniplex_staircase_pool_2
IceCv:    ice_cave_small_necro

Skill      XL: |  1  2  3  4  5  6  7  8  9 10 11 12 |
---------------+-------------------------------------+-----
Stealth        | 1 2 3 |  3.0
Dodging        | 3 4 6 7 9 10 11 | 11.1
Long Blades    | 4 5 |  5.0
Fighting       | 4 5 6 7 8 |  8.7
Polearms       | 2 3 5 7 8 |  8.2
Invocations    | 1 3 4 6 7 |  7.8
Evocations     | 2 |  2.3
Axes           | 2 6 7 |  7.0

Action                   |  1- 3 |  4- 6 |  7- 9 | 10-12 || total
-------------------------+-------+-------+-------+-------++-------
Melee: Falchion          |    60 |    61 |       |       ||   121
       Constrict         |    19 |    28 |    63 |    39 ||   149
       Tentacles         |    11 |    19 |    42 |    62 ||   134
       Trident           |       |    19 |   331 |    78 ||   428
       Kick              |       |     4 |    68 |   115 ||   187
       War axe           |       |       |       |   269 ||   269
 Fire: Hunting sling     |       |    65 |       |       ||    65
Invok: Triple Draw       |       |       |       |     1 ||     1
 Abil: Draw Summoning    |       |     1 |     1 |     9 ||    11
       Draw Destruction  |       |       |     9 |    13 ||    22
       Blink             |       |       |     1 |     2 ||     3
       Draw Escape       |       |       |     1 |       ||     1
Evoke: Wand              |       |       |       |     8 ||     8
  Use: Scroll            |       |       |     9 |    12 ||    21
       Potion            |       |       |     1 |     6 ||     7
 Stab: Sleeping          |     7 |     8 |    16 |    16 ||    47
       Distracted        |     1 |       |     2 |     1 ||     4
       Confused          |       |     1 |       |       ||     1
  Eat: Chunk             |       |     8 |    19 |    17 ||    44
       Ration            |       |       |     1 |     1 ||     2
Armor: Skin              |     7 |     8 |    12 |    29 ||    56
Dodge: Dodged            |    47 |    85 |   207 |   322 ||   661
       Rpst.: Falchion   |    14 |    16 |       |       ||    30

Table legend:
 A = Non-vault XP
 B = Vault XP
 C = Vault XP percentage of total XP
 D = Non-vault monster count
 E = Vault monster count
 F = Vault count percentage of total count
                 A         B        C        D         E       F
            +---------+---------+-------+---------+---------+-------
      Total |   16279 |    4881 |  23.1 |     301 |      72 |  19.3
            +---------+---------+-------+---------+---------+-------
        D:1 |      45 |       0 |   0.0 |      26 |       0 |   0.0
        D:2 |     216 |      40 |  15.6 |      39 |       3 |   7.1
        D:3 |     161 |      50 |  23.7 |      28 |      19 |  40.4
        D:4 |     923 |      41 |   4.3 |      40 |       1 |   2.4
        D:5 |     241 |       0 |   0.0 |      11 |       0 |   0.0
        D:6 |    1281 |      46 |   3.5 |      26 |       6 |  18.8
        D:7 |     221 |       0 |   0.0 |      15 |       0 |   0.0
        D:8 |    1878 |       0 |   0.0 |      17 |       0 |   0.0
        D:9 |    3003 |    1798 |  37.5 |      23 |       7 |  23.3
       D:10 |    1678 |    1230 |  42.3 |      27 |      16 |  37.2
       D:11 |    3673 |      70 |   1.9 |      28 |       2 |   6.7
     Lair:1 |    2959 |     164 |   5.3 |      21 |       3 |  12.5
      IceCv |       0 |    1442 | 100.0 |       0 |      15 | 100.0
            +---------+---------+-------+---------+---------+-------
